 Dungeon Crawl Stone Soup version 0.17-a0-2070-g2a5e0a8 (webtiles) character file.

201 Kromin the Skirmisher (level 5, -3/42 HPs)
             Began as a Demonspawn Chaos Knight on Oct 14, 2015.
             Slain by a gnoll
             ... wielding a +0 club
              (8 damage)
             ... on level 2 of the Dungeon.
             The game lasted 00:09:04 (2897 turns).

Kromin the Skirmisher (Demonspawn Chaos Knight)     Turns: 2897, Time: 00:09:04

Health: -3/42      AC:  8    Str: 12    XL:     5   Next: 50%
Magic:  5/5        EV: 12    Int: 13    God:    Xom [..*...]
Gold:   104        SH:  0    Dex: 14    Spells: 0 memorised, 4 levels left

rFire  . . .     SeeInvis .     a - +1 spear (chaos)
rCold  . . .     Clarity  .     b - +3 leather armour
rNeg   + . .     SustAt   .     (no shield)
rPois  .         Gourm    .     (no helmet)
rElec  .         Spirit   .     (no cloak)
rCorr  +         Warding  .     (no gloves)
rMut   .         Stasis   .     (no boots)
MR     .....                    q - amulet of resist corrosion
Stlth  +.........               k - ring of positive energy
                                i - ring of flight

@: not resistant to hostile enchantments, very unstealthy
A: hooves 1, slimy green scales 1, demonic guardian 1
a: Renounce Religion, Evoke Flight


You were on level 2 of the Dungeon.
You worshipped Xom.
You were a toy of Xom.
You were not hungry.

You visited 1 branch of the dungeon, and saw 3 of its levels.

You collected 104 gold pieces.

Inventory:

Hand Weapons
 a - a +1 spear of chaos (weapon)
Armour
 b - a +3 leather armour (worn)
Jewellery
 i - a ring of flight (left hand)
 k - a ring of positive energy (right hand)
 p - an uncursed ring of positive energy
 q - an amulet of resist corrosion (around neck)
Scrolls
 e - 2 scrolls of identify
 f - a scroll of blinking
 h - 2 scrolls of remove curse
Comestibles
 c - a bread ration
 d - 4 fruits


   Skills:
 + Level 4.0 Fighting
 + Level 3.6 Polearms
 + Level 2.7 Armour
 + Level 2.4 Dodging
 + Level 1.1 Stealth


You had 4 spell levels left.
You didn't know any spells.

Dungeon Overview and Level Annotations

Branches:
Dungeon (3/15)

Altars:
Fedhas


Innate Abilities, Weirdness & Mutations

You have large cloven feet.
You are partially covered in slimy green scales (AC +2).
A weak demonic guardian rushes to your aid.


Message History

You closely miss the gnoll.
The gnoll is lightly wounded.
The bat closely misses you. The gnoll closely misses you.
The gnoll closely misses you. The bat hits you but does no damage.
Something hits you. The gnoll hits you with a club.
* * * LOW HITPOINT WARNING * * *
You climb upwards.
There is a stone staircase leading down here.
Your leather armour prevents you from hitting something.
Your kick misses something. Something hits you.
* * * LOW HITPOINT WARNING * * *
The gnoll hits you with a club.
* * * LOW HITPOINT WARNING * * *
You puncture something! You burn something.
Reactivating autopickup.
Your Stealth skill increases to level 1!
You feel a bit more experienced. The gnoll hits you with a club.
* * * LOW HITPOINT WARNING * * *
The gnoll hits you with a club!
You die...

.♣ ♣..♣♣ #.#.##.# .♣♣
♣♣♣.♣ #...><.# ♣.♣ ♣.♣
#.##.### ♣.♣♣♣♣♣ ♣.♣♣
#.##.# ♣♣.♣♣.♣ ♣♣.♣
#.##.# ♣♣().♣♣♣ ♣(♣
#.##.# ♣♣♣...♣♣ ♣(♣♣
#.##.# ♣♣....♣ ♣♣.♣♣
#.##.# ♣...(.♣ ♣g@♣
#.##.# ♣♣....♣ ♣♣>♣
#.##.# ♣.♣..♣♣ ♣♣♣ #.##.#
# ♣♣♣♣♣♣ #.##.# ##
##.##.#
.##################..#..#
.......................##
#################...####
#####


You could see a gnoll (berserk).

Vanquished Creatures
  An orc priest (D:3)
  An orc wizard (D:3)
  2 gnolls (D:2)
  3 adders (D:2)
  A worm (D:2)
  2 giant geckos
  2 orcs
  2 giant cockroaches (D:1)
  6 goblins
  7 hobgoblins
  7 bats
  A giant newt (D:1)
  5 jackals
  10 kobolds
  9 rats
59 creatures vanquished.

Vanquished Creatures (collateral kills)
  The ghost of aegget the Cudgeler, a weakling DsGl (D:3)
  An orc (D:3)
2 creatures vanquished.

Vanquished Creatures (others)
  An adder (D:2)
1 creature vanquished.

Grand Total: 62 creatures vanquished

Notes
Turn   | Place    | Note
--------------------------------------------------------------
     0 | D:1      | Kromin the Demonspawn Chaos Knight began the quest for the Orb.
     0 | D:1      | Reached XP level 1. HP: 18/18 MP: 1/1
    24 | D:1      | XOM: harmless Erth miscast
   258 | D:1      | XOM: divination: detect creatures
   361 | D:1      | Gained mutation: A weak demonic guardian rushes to your aid. [demonic ancestry]
   361 | D:1      | Reached XP level 2. HP: 24/24 MP: 2/2
   387 | D:1      | Reached skill level 1 in Dodging
   456 | D:1      | XOM: harmless Pois miscast
   477 | D:1      | XOM: potion effect (might)
   695 | D:1      | XOM: harmless Fire miscast
   828 | D:1      | XOM: god gift: 32 gold pieces
   897 | D:1      | XOM: potion effect (berserk rage)
   962 | D:1      | XOM: harmless Hex miscast
  1039 | D:2      | Gained mutation: You have large cloven feet. [demonic ancestry]
  1039 | D:2      | Reached XP level 3. HP: 20/29 MP: 3/3
  1061 | D:2      | XOM: silly message
  1604 | D:2      | Gained mutation: You are partially covered in slimy green scales (AC +2). [demonic ancestry]
  1604 | D:2      | Reached XP level 4. HP: 37/37 MP: 4/4
  1778 | D:2      | Found a blossoming altar of Fedhas.
  1996 | D:2      | Reached skill level 4 in Fighting
  2051 | D:2      | XOM: mild Hex miscast
  2292 | D:3      | Reached XP level 5. HP: 24/42 MP: 5/5
  2294 | D:3      | Noticed aegget's ghost (weakling DsGl)
  2587 | D:3      | Killed aegget's ghost
  2592 | D:2      | HP: 1/42 [gnoll/spear (8)]
  2896 | D:2      | Reached skill level 1 in Stealth
  2897 | D:2      | Slain by a gnoll

Vault maps used:
D:1:      onia_arrival_mini_spirals
D:2:      forest_paths, fedhas_altar_3, minivault_26, minmay_distorted
D:3:      lemuel_doored_altar, first_bread, uniq_robin

Action                   |  1- 3 |  4- 6 || total
-------------------------+-------+-------++-------
Melee: Spear             |   137 |   103 ||   240
  Use: Scroll            |     5 |       ||     5
       Potion            |     3 |       ||     3
 Stab: Sleeping          |     1 |     1 ||     2
  Eat: Chunk             |     3 |     2 ||     5
       Beef jerky        |       |     2 ||     2
